 Dungeon Crawl Stone Soup version 0.30.1-3-gfc49f6343a (webtiles) character file.

Game seed: 8035706603683599009

27585 monsoonserge the Grappler (level 13, -2/131 HPs)
             Began as a Troll Fighter on Aug 7, 2023.
             Was a High Priest of Wu Jian.
             Slain by a sixfirhy (11 damage)
             ... summoned by an orc sorcerer
             ... while paralysed by an orc sorcerer
             ... on level 2 of the Orcish Mines.
             The game lasted 00:45:00 (11551 turns).

monsoonserge the Grappler (Troll Fighter)          Turns: 11551, Time: 00:45:00

Health: -2/131     AC: 12    Str: 27    XL:     13   Next: 5%
Magic:  8/12       EV:  1    Int:  8    God:    Wu Jian [*****.]
Gold:   934        SH:  0    Dex:  9    Spells: 12/12 levels left

rFire   + .          .
                       - Unarmed
rCold   + . .        b - +0 kite shield
rNeg    . . .        m - +0 acid dragon scales
rPois   .            (helmet restricted)
rElec   .            O - scarf {rC+ rF+}
rCorr   +            (gloves unavailable)
SInv    .            (boots unavailable)
Will    .....        V - amulet of magic regeneration
Stlth   +            q - +5 ring of evasion
HPRegen 1.21/turn    K - +4 ring of protection
MPRegen 0.53/turn

%: no passive effects
@: paralysed, mighty, spiked
A: large, unfitting armour, claws 3, regeneration 1, shaggy fur 1, tough skin 1
a: Renounce Religion, Wall Jump, Serpent's Lash, Heavenly Storm


You were on level 2 of the Orcish Mines.
You worshipped Wu Jian.
Wu Jian was extremely pleased with you.
You visited 4 branches of the dungeon, and saw 17 of its levels.

You collected 934 gold pieces.

Inventory:

Hand Weapons
 Z - a +1 arbalest of draining
Missiles
 c - 3 silver boomerangs
 e - 33 poisoned darts (quivered)
 u - 10 datura-tipped darts
 F - 2 throwing nets
 M - 11 large rocks
 S - 5 atropa-tipped darts
 W - 4 curare-tipped darts
 Y - 2 boomerangs
Armour
 b - a +0 kite shield (worn)
 m - +0 acid dragon scales (worn)
 O - a scarf of resistance (worn)
Jewellery
 a - a ring of fire
 i - a ring of wizardry
 q - a +5 ring of evasion (left claw)
 r - a ring of positive energy
 E - a +5 ring of evasion
 G - a ring of resist corrosion
 K - a +4 ring of protection (right claw)
 V - an amulet of magic regeneration (around neck)
 X - a ring of magical power
Wands
 h - a wand of polymorph (11)
 t - a wand of paralysis (13)
 w - a wand of iceblast (22)
 y - a wand of digging (8)
Scrolls
 l - 3 scrolls of amnesia
 n - 3 scrolls of enchant weapon
 o - a scroll of magic mapping
 p - 2 scrolls of immolation
 x - 2 scrolls of poison
 A - a scroll of butterflies {unknown}
 D - 2 scrolls of vulnerability
 I - a scroll of fog {unknown}
 N - a scroll of blinking {unknown}
 R - 3 scrolls of acquirement {unknown}
 T - 2 scrolls of teleportation
 U - a scroll of fear
Potions
 d - 7 potions of heal wounds
 f - 7 potions of haste
 g - 2 potions of attraction {unknown}
 j - 3 potions of invisibility
 k - 5 potions of curing
 s - 5 potions of lignification {unknown}
 v - 2 potions of flight {unknown}
 z - 2 potions of berserk rage {unknown}
 B - a potion of might
 C - 4 potions of mutation
 J - 2 potions of cancellation
 L - a potion of magic {unknown}
 P - 2 potions of resistance {unknown}
 Q - 2 potions of brilliance {unknown}
Miscellaneous
 H - a tin of tremorstones (2/2)


   Skills:
 + Level 9.2 Fighting
 + Level 7.6 Dodging
 + Level 10.0 Shields
 * Level 14.7 Unarmed Combat


You had 12 spell levels left.
You didn't know any spells.
Your spell library contained the following spells:

 Spells                   Type           Power      Damage    Failure   Level
 Apportation              Tloc           0%         N/A       65%         1
 Foxfire                  Conj/Fire      0%         2x1d4     65%         1
 Kiss of Death            Conj/Necr      0%         2d5       65%         1
 Magic Dart               Conj           0%         1d3       65%         1
 Shock                    Conj/Air       0%         1d3       65%         1
 Call Imp                 Summ           0%         N/A       80%         2
 Cigotuvi's Dreadful Rot  Necr/Pois/Air  0%         N/A       80%         2
 Wereblood                Tmut           0%         N/A       80%         2
 Confusing Touch          Hex            0%         N/A       95%         3
 Ignite Poison            Fire/Tmut/Pois 0%         N/A       95%         3
 Inner Flame              Hex/Fire       0%         N/A       95%         3
 Mephitic Cloud           Conj/Pois/Air  0%         N/A       95%         3
 Stone Arrow              Conj/Erth      0%         3d7       95%         3
 Swiftness                Air            0%         N/A       95%         3
 Airstrike                Air            0%         2d(0-16)  100%        4
 Animate Armour           Summ/Erth      0%         N/A       100%        4
 Dispel Undead            Necr           0%         3d6       100%        4
 Alistair's Intoxication  Tmut/Pois      0%         N/A       100%        5
 Fireball                 Conj/Fire      0%         3d3       100%        5
 Freezing Cloud           Conj/Ice/Air   0%         6-21      100%        5
 Yara's Violent Unravell  Hex/Tmut       0%         3d3       100%        5
 Plasma Beam              Fire/Air       0%         2x1d11    100%        6
 Starburst                Conj/Fire      0%         6d3       100%        6
 Enfeeble                 Hex            0%         N/A       100%        7
 Lehudib's Crystal Spear  Conj/Erth      0%         10d2      100%        8


Dungeon Overview and Level Annotations

Branches:
Dungeon (12/15)            Temple (1/1) D:5            Lair (2/5) D:8
  Snake (0/4) Lair:2          Orc (2/2) D:12            Elf (0/3) Orc:2
  Swamp: Lair:2-3    Shoals: Lair:2-3

Altars:
Ashenzari
Cheibriados
Dithmenos
Elyvilon
Fedhas
Gozag
Hepliaklqana
Kikubaaqudgha
Makhleb
Nemelex Xobeh
Okawaru
Qazlal
Ru
Sif Muna
Trog
Uskayaw
Vehumet
Wu Jian
Xom
Yredelemnul
Zin
The Shining One

Shops:
D:4 (   Orc:2 **

Annotations:
D:11 Lodul; Maurice
Lair:1 3 runed translucent doors, babooboo's ghost, journeyman DrCj


Innate Abilities, Weirdness & Mutations

You are too large for most types of armour.
You have claws for hands.
Your natural rate of healing is unusually fast.
You are covered in fur. (AC +1)
You have tough skin. (AC +1)


Message History

The orc high priest hits you with a +0 hand axe.
You block the orc warrior's attack. You block the hellwing's attack. x2
The red devil hits you from afar with a +1 antimagic demon trident.
Barbed spikes become lodged in your body.
You feel very mighty all of a sudden. The soul eater closely misses you.
You block the orc high priest's attack.
The orc warrior hits you but does no damage.
The hellwing closely misses you. The hellwing misses you.
You eviscerate the orc high priest!!!
The orc high priest is almost dead.
You hear a shout!
You hear a hideous shriek!
You hear a shout!
The soul eater hits you!
The orc high priest hits you but does no damage.
The orc warrior closely misses you.
You mangle the orc high priest!!
You kill the orc high priest!
The Council accepts your kill.
The red devil disappears in a puff of smoke!
The hellwing disappears in a puff of smoke!
The soul eater disappears in a puff of smoke!
The orc sorcerer casts a spell at you.
You suddenly lose the ability to move!
The orc warrior hits you with a +0 short sword!
The orc warrior hits you with a +0 short sword.
The sixfirhy hits you. The sixfirhy shocks you!
The orc sorcerer mumbles some strange words.
The sixfirhy hits you!
* * * LOW HITPOINT WARNING * * *
The sixfirhy shocks you!
* * * LOW HITPOINT WARNING * * *
The sixfirhy hits you but does no damage.
The sixfirhy hits you.
* * * LOW HITPOINT WARNING * * *
The sixfirhy shocks you!
* * * LOW HITPOINT WARNING * * *
The orc warrior hits you but does no damage.
The sixfirhy hits you.
* * * LOW HITPOINT WARNING * * *
The sixfirhy shocks you!
You die...

## #.## #...##
##.....# ##.#...#.#
##3o4......#
...........
##o3o#.#.#...#
..........
##.ยง@##... #...##
.........# ##...##
#.o##..)##
......... ##...##
#o.##.))## ........
##.#.## #..##.#.##
.......###...## #.
##)).##
........###.#.##
##.#.###
.....).).###...##
##...###.
.....).)..###...##
##...###..
.......##.)###...##
##...###).#


You could see a soul eater (summoned), an ice devil (summoned), a sixfirhy
(summoned), 2 orc sorcerers and an orc warrior.

Vanquished Creatures
  2 ettins (Orc:2)
  A rakshasa (D:12)
  A centaur warrior (D:11)
  4 two-headed ogres
  3 orc high priests (Orc:2)
  A sun demon (Orc:2)
  4 orc knights (Orc:2)
  An orc sorcerer (Orc:2)
  An ugly thing (D:10)
  2 cyclopes
  A black mamba (Lair:1)
  A cane toad (Lair:1)
  A gargoyle (D:12)
  Psyche (D:8)
  4 komodo dragons
  A rime drake (Lair:2)
  2 ice devils (Orc:2)
  The ghost of shmup the Firebug, a novice TeFE of Sif Muna (D:4)
  5 trolls
  A snapping turtle (shapeshifter) (D:9)
  2 hornets
  3 slime creatures (D:12)
  Sigmund (D:4)
  3 wraiths
  A water elemental (D:12)
  2 vampires
  2 wyverns
  14 yaks
  A basilisk (Lair:1)
  4 vampire mosquitoes (D:12)
  A steam dragon (D:8)
  A warg (Orc:2)
  2 nagas (Lair:2)
  An acid dragon (D:9)
  3 water moccasins
  A sky beast (D:6)
  20 orc warriors
  2 ice beasts
  A black bear (D:8)
  4 ogres
  9 centaurs
  A phantom (D:5)
  2 kobold brigands
  6 bullfrogs
  A necrophage (D:6)
  A gnoll sergeant (D:6)
  3 scorpions
  A water moccasin zombie (D:6)
  17 wights
  4 killer bees (D:10)
  An electric eel (D:8)
  5 jellies
  2 bullfrog zombies (D:6)
  6 howler monkeys
  A centaur zombie (D:6)
  A human zombie (D:6)
  A sleepcap (D:5)
  16 orc priests
  4 hounds (D:5)
  A water moccasin simulacrum (D:4)
  Crazy Yiuf (D:6)
  8 iguanas
  8 orc wizards
  3 scorpion simulacra (D:4)
  4 mummies (D:6)
  A howler monkey zombie (D:6)
  11 gnolls
  9 adders
  A hound simulacrum (D:4)
  3 shadow imps
  A white imp (D:4)
  A howler monkey simulacrum (D:4)
  An ufetubus (D:4)
  2 worms
  5 dart slugs
  39 orcs
  3 endoplasms
  4 giant cockroaches
  14 goblins
  11 hobgoblins
  2 jackals (D:3)
  8 kobolds
  4 quokkas
  9 ball pythons
  5 bats
  4 frilled lizards
  12 rats
  A butterfly (Lair:1)
365 creatures vanquished.

Vanquished Creatures (others)
  An orc wizard (D:12)
1 creature vanquished.

Grand Total: 366 creatures vanquished

Notes
Turn   | Place    | Note
-------+----------+-------------------------------------------
     0 | D:1      | monsoonserge the Troll Fighter began the quest for the Orb.
     0 | D:1      | Reached XP level 1. HP: 22/22 MP: 0/0
   285 | D:1      | Reached XP level 2. HP: 29/29 MP: 1/1
   983 | D:2      | Reached XP level 3. HP: 36/36 MP: 2/2
  1090 | D:2      | Reached skill level 3 in Unarmed Combat
  1317 | D:2      | Reached XP level 4. HP: 44/44 MP: 3/3
  1883 | D:3      | Found a stormy altar of Qazlal.
  1926 | D:3      | Found a faded altar of an unknown god.
  1979 | D:3      | Noticed an ogre
  1990 | D:3      | Killed an ogre
  1991 | D:3      | Reached skill level 4 in Unarmed Combat
  1991 | D:3      | Reached XP level 5. HP: 53/53 MP: 4/4
  1999 | D:3      | Found a blossoming altar of Fedhas.
  2366 | D:4      | Noticed Sigmund
  2384 | D:4      | Killed Sigmund
  2385 | D:4      | Reached skill level 5 in Unarmed Combat
  2385 | D:4      | Reached XP level 6. HP: 47/62 MP: 5/5
  2477 | D:4      | Noticed shmup's ghost (novice TeFE)
  2493 | D:4      | Found a runed translucent gate.
  2499 | D:4      | Found a white marble altar of Elyvilon.
  2522 | D:4      | Reached XP level 7. HP: 68/68 MP: 6/6
  2585 | D:4      | Found a shimmering blue altar of Sif Muna.
  2630 | D:4      | Found a runed translucent gate.
  2630 | D:4      | Found a runed translucent gate.
  2694 | D:4      | Found Ymosh's Weapon Boutique.
  2891 | D:5      | Entered Level 5 of the Dungeon
  2928 | D:5      | Reached skill level 6 in Unarmed Combat
  2975 | D:5      | Reached skill level 5 in Shields
  2975 | D:5      | Reached XP level 8. HP: 61/79 MP: 7/7
  2986 | D:5      | Reached skill level 7 in Unarmed Combat
  3162 | D:5      | Found a broken altar of Ashenzari.
  3268 | D:5      | Found an opulent altar of Gozag.
  3291 | D:5      | Reached skill level 5 in Fighting
  3402 | D:5      | Found a bloodstained altar of Trog.
  3442 | D:5      | Reached skill level 8 in Unarmed Combat
  3573 | D:5      | Found a staircase to the Ecumenical Temple.
  3582 | Temple   | Entered the Ecumenical Temple
  3706 | Temple   | Became a worshipper of the Wu Jian Council
  3917 | D:6      | Found a basalt altar of Yredelemnul.
  3966 | D:6      | Reached XP level 9. HP: 88/88 MP: 8/8
  4075 | D:6      | Found a burning altar of Makhleb.
  4285 | D:6      | Reached * piety under Wu Jian
  4395 | D:6      | Found a hazy altar of Hepliaklqana.
  4653 | D:6      | Found a runed translucent door.
  4654 | D:6      | Noticed Crazy Yiuf
  4661 | D:6      | Killed Crazy Yiuf
  4723 | D:6      | Reached skill level 9 in Unarmed Combat
  5135 | D:7      | Found a sacrificial altar of Ru.
  5417 | D:8      | Reached skill level 10 in Unarmed Combat
  5425 | D:8      | Reached XP level 10. HP: 82/100 MP: 9/9
  5578 | D:8      | Found a staircase to the Lair.
  5749 | D:8      | Reached ** piety under Wu Jian
  6092 | D:8      | Noticed Psyche
  6103 | D:8      | Killed Psyche
  6413 | D:4      | Killed shmup's ghost
  6571 | D:9      | Reached skill level 11 in Unarmed Combat
  6715 | D:9      | Noticed an entropy weaver
  6716 | D:9      | Noticed a two-headed ogre
  6721 | D:9      | an entropy weaver changed into a jumping spider
  6819 | Lair:1   | Entered Level 1 of the Lair of Beasts
  7010 | Lair:1   | Noticed a skyshark
  7011 | Lair:1   | Found a runed translucent gate.
  7012 | Lair:1   | Found a runed translucent gate.
  7014 | Lair:1   | Found a runed translucent gate.
  7020 | Lair:1   | Reached skill level 5 in Dodging
  7022 | Lair:1   | Noticed babooboo's ghost (journeyman DrCj)
  7220 | Lair:1   | Noticed a black mamba
  7228 | Lair:1   | Killed a black mamba
  7266 | Lair:1   | Noticed a cane toad
  7272 | Lair:1   | Killed a cane toad
  7593 | Lair:2   | Reached XP level 11. HP: 109/109 MP: 10/10
  7605 | Lair:2   | Found a staircase to the Snake Pit.
  7729 | Lair:2   | Reached *** piety under Wu Jian
  7834 | Lair:2   | Got the Lectures on Unstable Ashes
  7854 | Lair:2   | Noticed Sonja
  7858 | Lair:2   | Sonja changed into Sonja the hornet
  7858 | Lair:2   | Noticed Sonja
  7860 | Lair:2   | Noticed an eight-headed hydra
  7865 | Lair:2   | Killed Sonja the hornet
  8219 | D:9      | Reached skill level 12 in Unarmed Combat
  8276 | D:9      | Noticed a death drake
  8281 | D:9      | You fall into a shaft and drop 3 floors!
  8387 | D:12     | Noticed a rakshasa
  8397 | D:12     | Killed a rakshasa
  8398 | D:12     | Noticed a two-headed ogre
  8407 | D:12     | Killed a two-headed ogre
  8452 | D:11     | Noticed a two-headed ogre
  8460 | D:11     | Killed a two-headed ogre
  8545 | D:11     | Noticed a centaur warrior
  8557 | D:11     | Killed a centaur warrior
  8563 | D:11     | Noticed Lodul
  8564 | D:11     | Noticed Maurice
  8598 | D:11     | Identified the +0 robe of Understanding {rC+ Str+3}
  8615 | D:10     | Entered Level 10 of the Dungeon
  9367 | D:10     | Noticed a two-headed ogre
  9376 | D:10     | Killed a two-headed ogre
  9377 | D:10     | Reached skill level 13 in Unarmed Combat
  9504 | D:11     | Noticed a purple ugly thing
  9510 | D:10     | Killed a purple ugly thing
  9705 | D:9      | Reached XP level 12. HP: 120/120 MP: 11/11
  9705 | D:9      | Killed a two-headed ogre
  9961 | D:9      | Found a shimmering altar of Xom.
  9967 | D:9      | Found a radiant altar of Vehumet.
  9973 | D:9      | Found a glowing golden altar of the Shining One.
 10208 | D:12     | Reached **** piety under Wu Jian
 10745 | D:12     | Found a staircase to the Orcish Mines.
 10847 | Orc:1    | Entered Level 1 of the Orcish Mines
 10875 | Orc:2    | Entered Level 2 of the Orcish Mines
 10901 | Orc:2    | Noticed an ettin
 10910 | Orc:2    | Killed an ettin
 10957 | Orc:2    | Found a staircase to the Elven Halls.
 10990 | Orc:2    | Found Uluaculy's General Store.
 11040 | Orc:2    | Reached skill level 14 in Unarmed Combat
 11073 | Orc:2    | Found Tosk's General Store.
 11102 | Orc:2    | Reached ***** piety under Wu Jian
 11167 | Orc:2    | Noticed an orc high priest
 11197 | Orc:2    | Killed an orc high priest
 11423 | Orc:2    | Noticed an ettin
 11431 | Orc:2    | Killed an ettin
 11532 | Orc:2    | Noticed an orc high priest
 11533 | Orc:2    | Noticed an orc high priest
 11536 | Orc:2    | Killed an orc high priest
 11537 | Orc:2    | Reached skill level 10 in Shields
 11537 | Orc:2    | Reached XP level 13. HP: 127/131 MP: 12/12
 11548 | Orc:2    | Paralysed by an orc sorcerer for 4 turns
 11551 | Orc:2    | Slain by a sixfirhy

Illustrated notes

Levels and vault maps discovered:
D:1:      psy_arrival_radial02, layout_basic
D:2:      kennysheep_the_goblin_king, layout_loops_corners, minmay_quantized
D:3:      layout_rooms, grunt_qazlal_sundering,
          mainiacjoe_overflow_cross_hatched, hellmonk_ecumenical_altar_zigzags
D:4:      layout_cave_pools, mainiacjoe_overflow_six_doors_small,
          nicolae_sif_muna_condensation, serial_shops, shop,
          gammafunk_ghost_icy, uniq_sigmund
D:5:      layout_cave_pools, lemuel_doored_altar, old_standard_altar, trog_book,
          temple_hall, minmay_joined_circles
D:6:      layout_basic, general_overflow_altar,
          lemuel_mausoleum_altar_yredelemnul, old_standard_altar,
          hangedman_decor_growths, uniq_crazy_yiuf_cottage
D:7:      layout_rooms, mainiacjoe_overflow_paths
D:8:      layout_basic, lair_entry_dummy, corner_web_ring, uniq_psyche
D:9:      layout_basic, minitemple, lightli_fourway_metalbox
D:10:     layout_long_grid
D:11:     layout_long_grid, minmay_gold_behind_fungi, uniq_snorg, uniq_fannar,
          uniq_erolcha, uniq_maurice, uniq_lodul
D:12:     layout_rooms, erik_orc_2, kennysheep_donut, small_statue_alley_a
Temple:   hellmonk_temple_beads
Lair:1:   layout_roguey, gammafunk_ghost_split, chequers_serial_rivers_room_b,
          lemuel_fruit_fields, lemuel_fruit_fields
Lair:2:   layout_chaotic_city, guppyfry_snake_entry_island, beast_lair_carwin_6,
          lemuel_fruit_fields, uniq_sonja
Orc:1:    layout_diamond_mine, basic_altar
Orc:2:    pf_orc_diabolical, layout_diamond_mine, basic_altar

Skill      XL: |  1  2  3  4  5  6  7  8  9 10 11 12 |
---------------+-------------------------------------+-----
Shields        | 3 4 5 6 7 8 10 | 10.0
Unarmed Combat | 3 4 5 6 8 10 11 13 14 | 14.7
Fighting       | 3 4 5 6 7 8 9 |  9.2
Dodging        | 3 5 6 7 |  7.6

Action                     |  1- 3 |  4- 6 |  7- 9 | 10-12 | 13-15 || total
---------------------------+-------+-------+-------+-------+-------++-------
  Melee: Unarmed           |    91 |   140 |   321 |   727 |    14 ||  1293
         Trident           |       |       |       |    10 |       ||    10
  Throw: Dart              |       |       |       |     8 |       ||     8
 Invoke: Serpent's Lash    |       |       |       |     1 |       ||     1
Ability: Lunge             |       |       |    19 |    76 |       ||    95
         Whirlwind         |       |       |    20 |   119 |     5 ||   144
  Evoke: Wand              |       |       |       |     1 |       ||     1
    Use: Potion            |       |       |     1 |     3 |     1 ||     5
         Scroll            |       |       |       |    17 |       ||    17
   Stab: Sleeping          |       |       |     1 |       |       ||     1
         Distracted        |       |       |     1 |     1 |       ||     2
 Armour: Robe              |    35 |    22 |    38 |    11 |       ||   106
         Steam dragon scal |       |       |       |    43 |       ||    43
         Acid dragon scale |       |       |       |    48 |     8 ||    56
  Dodge: Dodged            |    23 |    68 |   125 |   321 |    12 ||   549
  Block: Kite shield       |    28 |    46 |   100 |   253 |     9 ||   436
